Description

Take your 2nd gas a bit earlier around 1:00 (17-18 supply) to make this a little more efficient.

Fun cheese that can potentially transition into macro.

Snipes REKT queens/roaches

Hellbats do the rest.

Replay - TvZ 1 base Ghost Hellbat Opening

Build Order

Get SALT Encoding   

  12  0:01  SCV  
  13  0:13  SCV  
  14  0:18  Supply Depot  
  14  0:25  SCV  
  15  0:35  Refinery  
  15  0:39  SCV  
  16  0:44  Barracks  
  16  0:51  SCV  
  17  1:03  SCV  
  18  1:16  SCV  
  19  1:26  Refinery  
  19  1:28  SCV  
  20  1:33  Marine  
  20  1:36  Ghost Academy  
  21  1:41  Orbital Command  
  21  1:42  Supply Depot  
  21  1:52  Barracks Tech Lab  
  21  2:07  Factory  
  21  2:13  SCV  
  22  2:19  Ghost  
  24  2:25  SCV  
  24  2:37  Supply Depot  
  25  2:48  Ghost  
  28  2:59  Factory Reactor, Supply Depot  
  29  3:17  Ghost  
  31  3:26  Command Center  
  32  3:55  Hellion x2  
  36  3:56  Armory  
  36  3:58  Supply Depot  
  38  4:16  Hellion x2  
  40  4:17  Ghost  
  43  4:38  Hellion x2  
  47  4:45  Ghost  
  47  4:51  Hellion x2  
  45  5:02  Hellion x2  
  49  5:08  Orbital Command  
  52  5:29  Ghost  
  52  5:33  Refinery x2, Factory x2  
  55  5:42  Terran Vehicle Weapons Level 1  
  63  6:04  Ghost  
  57  6:31  Factory Tech Lab x2  
  57  6:32  Command Center  
  53  7:03  Siege Tank x2  
  61  7:14  Engineering Bay  
  65  7:36  Terran Vehicle Weapons Level 2  
  65  7:38  Siege Tank  
  74  7:47  Orbital Command  
  78  8:11  Thor  
  87  8:22  Refinery x2  
  92  8:44  Siege Tank  
  97  8:54  Siege Tank  
  103  9:04  Factory x4  
  106  9:10  Barracks Reactor  
  106  9:21  Siege Tank  
  96  9:53  Siege Tank, Terran Vehicle And Ship Armor Level 1  
Spawning Tool Build Advisor. Get it on Overwolf

Go to:

Details

  • Created by: PiG      
  • Published on: Jan 14, 2018
  • Patch: 4.0.0
Show
View Real Time Build Order
Export as new Build Order

Comments (2)

On Feb. 16, 2018, 2:01 p.m., Elekris  said:

@VandenPlause but 25 more energy, which is 0.5 snipes more.

On Feb. 15, 2018, 1:09 p.m., VandenPlause  said:

Not really valid anymore, since ghosts no longer start with the Personal Cloaking upgrade since Jan 29th.

If you want cloaked ghosts now,

Upgrade cost is 150 Minerals / 150 Gas / 85.7 Research time.

Create an account to comment!